 Dungeon Crawl Stone Soup version 0.28-a0-1616-g050a50673c (webtiles) character file.

Game seed: 13924681704648915657

6854 mcsnuffy the Blocker (level 11, 32/60 HPs)
             Began as a Vine Stalker Gladiator on Jan 22, 2022.
             Was an Initiate of Gozag.
             Quit the game on level 10 of the Dungeon.
             The game lasted 00:25:04 (8376 turns).

mcsnuffy the Blocker (Vine Stalker Gladiator)       Turns: 8376, Time: 00:25:05

Health: 32/60      AC: 13    Str: 26    XL:     11   Next: 6%
Magic:  11/12      EV: 15    Int:  8    God:    Gozag
Gold:   1415       SH: 11    Dex: 17    Spells: 8/10 levels left

rFire   . . .      SeeInvis .   a - +0 rapier
rCold   . . .      Faith    .   s - +0 kite shield
rNeg    . . .      Spirit   +   u - +2 scale mail {Will+}
rPois   .          Reflect  .   c - +0 helmet
rElec   .          Harm     .   w - +0 cloak
rCorr   .          Rampage  .   (no gloves)
Will    ++...                   g - +0 pair of boots
Stlth   +.........              K - amulet of magic regeneration
HPRegen 1.00/turn               S - +6 ring of strength
MPRegen 0.53/turn               E - +4 ring of evasion

@: gold aura
A: fangs 3, regeneration 1, magic shield, antimagic bite, no potion heal 2
a: Renounce Religion, Potion Petition, Call Merchant, Bribe Branch


You were on level 10 of the Dungeon.
You worshipped Gozag.
Gozag was most pleased with you.
You visited 2 branches of the dungeon, and saw 11 of its levels.

You collected 1486 gold pieces.
You paid 71 gold pieces to Gozag.


Innate Abilities, Weirdness & Mutations

You have razor-sharp teeth.
Your natural rate of healing is unusually fast.
When hurt, damage is shared between your health and your magic reserves.
Your bite disrupts and absorbs the magic of your enemies.
Potions cannot restore your health.


   Skills:
 - Level 8.0 Fighting
 + Level 6.1 Short Blades
 - Level 1.7 Throwing
 + Level 7.0 Armour
 - Level 4.0 Dodging
 - Level 3.0 Stealth
 - Level 8.0 Shields


You had 8 spell levels left.
You knew the following spells:

 Your Spells              Type           Power      Damage    Failure   Level
B - Blink                 Tloc           0%         N/A       98%         2

Your spell library contained the following spells:

 Spells                   Type           Power      Damage    Failure   Level
 Sandblast                Erth           0%         2d4       92%         1
 Slow                     Hex            0%         N/A       92%         1
 Confusing Touch          Hex            0%         N/A       100%        3
 Lesser Beckoning         Tloc           0%         N/A       100%        3
 Ozocubu's Armour         Ice            0%         N/A       100%        3
 Vampiric Draining        Necr           0%         2d6       100%        3
 Freezing Cloud           Conj/Ice/Air   0%         6-21      100%        5
 Manifold Assault         Tloc           0%         N/A       100%        5
 Metabolic Englaciation   Hex/Ice        0%         N/A       100%        5
 Iron Shot                Conj/Erth      0%         9d1       100%        6
 Simulacrum               Ice/Necr       0%         N/A       100%        6
 Maxwell's Capacitive Co  Air            0%         ∞         100%        8

Inventory:

Hand Weapons
 a - a +0 rapier (weapon)
Missiles
 d - 3 throwing nets (quivered) {=f}
 J - 7 curare-tipped darts {=f}
Armour
 c - a +0 helmet (worn)
 g - a +0 pair of boots (worn)
 s - a +0 kite shield (worn)
 u - a +2 scale mail of willpower (worn)
 w - a +0 cloak (worn)
Jewellery
 C - a ring of ice
 E - a +4 ring of evasion (right hand)
 F - a ring of protection from fire
 K - an amulet of magic regeneration (around neck)
 M - a ring of magical power
 N - a ring of positive energy
 S - a +6 ring of strength (left hand)
Wands
 b - a wand of iceblast (16)
 r - a wand of digging (3)
 t - a wand of paralysis (20)
 I - a wand of charming (8)
Scrolls
 h - 4 scrolls of teleportation {@r2}
 i - 3 scrolls of enchant armour
 l - a scroll of blinking {unknown}
 m - a scroll of acquirement {unknown}
 n - 2 scrolls of enchant weapon {unknown}
 q - 2 scrolls of amnesia {unknown}
 x - 4 scrolls of vulnerability {unknown}
 y - a scroll of holy word {unknown}
 z - 3 scrolls of immolation {unknown}
 A - 3 scrolls of fog {unknown}
 B - a scroll of noise {unknown}
 H - a scroll of silence {unknown}
 L - a scroll of fear
Potions
 e - 2 potions of flight {unknown}
 f - 4 potions of ambrosia
 j - 6 potions of curing {@q1}
 k - a potion of cancellation {unknown}
 o - a potion of lignification
 p - 5 potions of mutation {unknown}
 v - 4 potions of brilliance
 D - a potion of attraction {unknown}
 G - 2 potions of berserk rage {unknown}

Dungeon Overview and Level Annotations

Branches:
Dungeon (10/15)            Temple (1/1) D:5            Lair (0/6) D:10
    Orc: D:9-12

Altars:
Ashenzari
Cheibriados
Dithmenos
Elyvilon
Gozag
Hepliaklqana
Kikubaaqudgha
Nemelex Xobeh
Okawaru
Qazlal
Ru
Sif Muna
Trog
Uskayaw
Vehumet
Xom
Zin

Shops:
D:7 [

Annotations:
D:7 1 runed translucent door, voltaire321's ghost, novice HOFi

#.......#....#......#
#.......#....#......#
#.......#....#......#
#.......#....#......#
#.......#....#......#
#####+###...##......#
######+####...####'#####+##..
#...(.....{...#...........#..
#.......YYTY@.#...........#..
#...$..Y.Y....+...........#..
#...###..####+##.##########..
#... #..####.##.#...........
...... #..........#...........
Y#.#....#..........#...........
#.# ..............#...........
# ..#.#..........#...........
#.##.........#...........


You could see 5 yaks and a troll.


Message History

You kill the howler monkey!
Something hits you.
* * * LOW HITPOINT WARNING * * *
A yak comes into view.
A yak comes into view.
Something hits you.
* * * LOW HITPOINT WARNING * * *
Something hits you.
* * * LOW HITPOINT WARNING * * *
You block something's attack.
You hit the yak but do no damage. Your bite misses the yak.
Something hits you but does no damage.
A troll comes into view.
You barely miss the yak. The yak gores you.
* * * LOW HITPOINT WARNING * * *
The yak closely misses you.
The yak bellows!
You hit the yak. You bite the yak! You drain its power.
You feel invigorated.
The yak is moderately wounded.
The yak misses you. Something hits you.
* * * LOW HITPOINT WARNING * * *
Something hits you but does no damage. Something hits you.
* * * LOW HITPOINT WARNING * * *
You hit something. You bite something. You drain its power.
Something hits you but does no damage. Something hits you.
* * * LOW HITPOINT WARNING * * *
Something hits you. Something hits you but does no damage.
Are you sure you want to abandon this character and quit the game? (Confirm with "yes".)

Skill      XL: |  1  2  3  4  5  6  7  8  9 10 11 |
---------------+----------------------------------+-----
Short Blades   | 3 4 5 6 |  6.1
Shields        | 1 2 3 5 7 8 |  8.0
Fighting       | 2 3 4 6 8 |  8.0
Stealth        | 2 3 |  3.0
Dodging        | 4 |  4.0
Armour         | 2 4 6 7 |  7.0
Throwing       | |  1.7

Action                   |  1- 3 |  4- 6 |  7- 9 | 10-12 || total
-------------------------+-------+-------+-------+-------++-------
Melee: Rapier            |    95 |   165 |   390 |   369 ||  1019
       Bite              |    21 |    36 |   135 |   104 ||   296
Throw: Throwing net      |       |       |     1 |       ||     1
Evoke: Wand              |       |       |     1 |       ||     1
  Use: Scroll            |       |     2 |     3 |     1 ||     6
       Potion            |       |     1 |       |     2 ||     3
 Stab: Sleeping          |       |     6 |       |       ||     6
       Distracted        |       |       |       |     6 ||     6
Armor: Leather armour    |    23 |    30 |       |       ||    53
       Scale mail        |       |       |   125 |   104 ||   229
       Skin              |       |       |       |    17 ||    17
Dodge: Dodged            |    42 |    77 |   156 |   222 ||   497
Block: Buckler           |    11 |    25 |    17 |       ||    53
       Kite shield       |       |       |   144 |   263 ||   407

Levels and vault maps discovered:
D:1:      dpeg_arrival_stone_temple_mockup, layout_rooms,
          ebering_ecumenical_altar_webs
D:2:      layout_loops_ring, minmay_lizard_king
D:3:      layout_loops_corners, serial_park_tiny_pond,
          kennysheep_decorative_pillar, uniq_natasha
D:4:      layout_basic, uniq_edmund, uniq_ijyb
D:5:      layout_layer_cave, nicolae_overflow_hallway_of_the_gods,
          minmay_temple_entry_hall, wad_floor_pattern_2,
          hangedman_decor_clover_reticule, uniq_duvessa
D:6:      layout_loops_ring, st_stairs_6, uniq_grinder, uniq_menkaure
D:7:      layout_cave_pods, ebering_ghost_xom, minivault_22,
          minmay_misc_feat_rugged, kennysheep_windowed_goal
D:8:      layout_rooms, mainiacjoe_overflow_catwalk
D:9:      layout_roguey [special_room_bee], mainiacjoe_overflow_brackets
D:10:     layout_gridville, lair_entry_dummy, minmay_between
Temple:   ebering_untended_altars

Notes
Turn   | Place    | Note
-------+----------+-------------------------------------------
     0 | D:1      | mcsnuffy the Vine Stalker Gladiator began the quest for the
                  | Orb.
     0 | D:1      | Reached XP level 1. HP: 11/11 MP: 2/2
    52 | D:1      | Reached skill level 3 in Short Blades
   132 | D:1      | Found a faded altar of an unknown god.
   148 | D:1      | Reached XP level 2. HP: 11/15 MP: 3/3
   543 | D:1      | Reached XP level 3. HP: 17/18 MP: 2/4
   897 | D:1      | Reached skill level 1 in Shields
  1065 | D:2      | Reached skill level 4 in Short Blades
  1065 | D:2      | Gained mutation: Your natural rate of healing is unusually
                  | fast. [Vine Stalker growth]
  1065 | D:2      | Reached XP level 4. HP: 21/23 MP: 3/5
  1126 | D:2      | Reached skill level 2 in Shields
  1263 | D:2      | Reached XP level 5. HP: 26/26 MP: 6/6
  1463 | D:2      | Reached skill level 2 in Fighting
  1463 | D:2      | Reached skill level 1 in Stealth
  2165 | D:3      | Noticed Natasha
  2172 | D:3      | Killed Natasha
  2725 | D:3      | Noticed Natasha
  2729 | D:3      | Killed Natasha
  2730 | D:3      | Reached skill level 2 in Stealth
  2730 | D:3      | Reached XP level 6. HP: 29/31 MP: 5/7
  2760 | D:3      | Noticed Natasha
  2771 | D:3      | Killed Natasha
  2954 | D:4      | Noticed Edmund
  2988 | D:4      | Noticed a necrophage
  3000 | D:4      | Killed a necrophage
  3001 | D:4      | Reached skill level 3 in Fighting
  3001 | D:4      | Reached skill level 3 in Stealth
  3001 | D:4      | Reached skill level 3 in Shields
  3031 | D:4      | Noticed Ijyb
  3037 | D:4      | Paralysed by Ijyb for 4 turns
  3047 | D:4      | Paralysed by Ijyb for 5 turns
  3054 | D:4      | Killed Ijyb
  3055 | D:4      | Reached skill level 5 in Short Blades
  3121 | D:4      | Reached XP level 7. HP: 36/36 MP: 8/8
  3137 | D:4      | HP: 2/36 [Edmund (7)]
  3173 | D:4      | Killed Edmund
  3174 | D:4      | Reached skill level 4 in Fighting
  3584 | D:4      | Reached skill level 3 in Dodging
  3636 | D:5      | Entered Level 5 of the Dungeon
  3848 | D:5      | Found a staircase to the Ecumenical Temple.
  3932 | Temple   | Entered the Ecumenical Temple
  3953 | Temple   | Became a worshipper of Gozag Ym Sagoz the Greedy
  3994 | D:5      | Noticed Duvessa
  3994 | D:5      | Noticed Dowan
  4041 | D:5      | Killed Duvessa
  4075 | D:4      | Reached skill level 4 in Dodging
  4075 | D:4      | Gained mutation: You have razor-sharp teeth. [Vine Stalker
                  | growth]
  4075 | D:4      | Reached XP level 8. HP: 35/42 MP: 7/9
  4082 | D:4      | Killed Dowan
  4083 | D:4      | Reached skill level 4 in Shields
  4304 | D:5      | Found a broken altar of Ashenzari.
  4304 | D:5      | Found a bloodstained altar of Trog.
  4304 | D:5      | Found a stormy altar of Qazlal.
  4309 | D:5      | Found a white marble altar of Elyvilon.
  4312 | D:5      | Found a shimmering blue altar of Sif Muna.
  4316 | D:5      | Found a sparkling altar of Nemelex Xobeh.
  4319 | D:5      | Found a hide-covered altar of Uskayaw.
  4320 | D:5      | Found a shimmering altar of Xom.
  4598 | D:6      | Reached skill level 5 in Shields
  4745 | D:6      | Noticed Grinder
  4762 | D:6      | Reached skill level 1 in Armour
  4764 | D:6      | Killed Grinder
  4922 | D:6      | Reached skill level 2 in Armour
  5032 | D:6      | Noticed Menkaure
  5037 | D:6      | Killed Menkaure
  5038 | D:6      | Reached XP level 9. HP: 37/45 MP: 10/10
  5077 | D:6      | Reached skill level 6 in Short Blades
  5077 | D:6      | Reached skill level 3 in Armour
  5077 | D:6      | Reached skill level 6 in Shields
  5401 | D:7      | Reached skill level 4 in Armour
  5482 | D:7      | Reached skill level 5 in Fighting
  5829 | D:7      | Reached skill level 6 in Fighting
  5893 | D:7      | Found Elilonga's Armour Shop.
  5914 | D:7      | Found a runed translucent door.
  5914 | D:7      | Found a shimmering altar of Xom.
  5914 | D:7      | Noticed a +0 scimitar of chaos
  5914 | D:7      | Noticed voltaire321's ghost (novice HOFi)
  6415 | D:8      | Reached skill level 7 in Shields
  6523 | D:8      | Found a snail-covered altar of Cheibriados.
  6573 | D:8      | Reached XP level 10. HP: 53/53 MP: 11/11
  6750 | D:8      | Reached skill level 8 in Shields
  7126 | D:9      | Reached skill level 7 in Fighting
  7214 | D:9      | Learned a level 2 spell: Blink
  7288 | D:9      | Reached skill level 8 in Fighting
  7373 | D:9      | HP: 5/56 [poisoned by a queen bee]
  7373 | D:9      | HP: 1/56 [queen bee (4)]
  7379 | D:9      | Reached skill level 5 in Armour
  7721 | D:9      | Found a radiant altar of Vehumet.
  7776 | D:9      | Reached skill level 6 in Armour
  7878 | D:10     | Entered Level 10 of the Dungeon
  7878 | D:10     | Found a staircase to the Lair.
  8020 | D:10     | Reached XP level 11. HP: 28/60 MP: 12/12
  8111 | D:10     | Got the Tome of the Floating Rocks
  8136 | D:10     | Reached skill level 7 in Armour
  8376 | D:10     | Quit the game

Vanquished Creatures
  A queen bee (D:9)
  A troll (D:9)
  A hornet (D:9)
  Grinder (D:6)
  A wyvern (D:9)
  A shadow (D:10)
  4 yaks (D:10)
  Menkaure (D:6)
  2 steam dragons
  Edmund (D:4)
  2 water moccasins
  Duvessa (D:5)
  2 black bears
  An ogre (D:7)
  2 orc warriors
  3 necrophages
  A centaur (D:6)
  2 phantoms (D:6)
  3 kobold brigands
  4 bullfrogs
  3 scorpions
  A wyvern zombie (D:7)
  A gnoll sergeant (D:9)
  A wyvern skeleton (D:7)
  Dowan (D:4)
  24 killer bees (D:9)
  8 wights
  6 howler monkeys
  A bullfrog zombie (D:7)
  2 centaur zombies (D:7)
  4 hounds
  2 jellies (D:6)
  2 bullfrog skeletons
  3 orc priests (D:8)
  Ijyb (D:4)
  Natasha (thrice) (D:3)
  3 iguanas
  3 orc wizards
  A killer bee zombie (D:9)
  A howler monkey zombie (D:9)
  10 adders
  4 gnolls (D:9)
  A shadow imp (D:6)
  A white imp (D:5)
  3 worms
  3 dart slugs
  11 orcs
  8 endoplasms
  2 giant cockroaches
  8 hobgoblins
  23 kobolds
  5 quokkas
  9 ball pythons
  7 bats
  11 frilled lizards
  7 goblins
  8 rats
227 creatures vanquished.

Vanquished Creatures (others)
  A sky beast (D:7)
  4 plants (D:2)
5 creatures vanquished.

Grand Total: 232 creatures vanquished

Table legend: (Time is in decaauts)
 A = Elapsed time spent in this place.
 B = Non-inter-level travel time spent in this place.
 C = Inter-level travel time spent in this place.
 D = Time resting spent in this place.
 E = Time spent auto-exploring this place.
 F = Levels seen in this place.
 G = Mean time per level.
                   A        B        C        D        E       F      G
               +--------+--------+--------+--------+--------+-----+--------+
         Total |   8427 |   8059 |    368 |    186 |   5630 |  11 |  766.1 |
       Dungeon |   8394 |   8038 |    356 |    186 |   5620 |  10 |  839.4 |
        Temple |     32 |     21 |     11 |      0 |     10 |   1 |   32.0 |
               +--------+--------+--------+--------+--------+-----+--------+

Top non-repeatable levels by time:
     D:3: 1108 daAuts
     D:7: 1081 daAuts
     D:9: 942 daAuts
     D:1: 941 daAuts
     D:5: 895 daAuts
     D:4: 839 daAuts
     D:2: 794 daAuts
     D:6: 737 daAuts
     D:8: 555 daAuts
    D:10: 499 daAuts
  Temple: 32 daAuts

Table legend:
 A = Non-vault XP
 B = Vault XP
 C = Vault XP percentage of total XP
 D = Non-vault monster count
 E = Vault monster count
 F = Vault count percentage of total count
                 A         B        C        D         E       F
            +---------+---------+-------+---------+---------+-------
      Total |    6706 |    3086 |  31.5 |     181 |      47 |  20.6
            +---------+---------+-------+---------+---------+-------
        D:1 |      52 |       0 |   0.0 |      29 |       0 |   0.0
        D:2 |     131 |       9 |   6.4 |      24 |       9 |  27.3
        D:3 |     128 |      36 |  22.0 |      18 |       1 |   5.3
        D:4 |     440 |     262 |  37.3 |      16 |       3 |  15.8
        D:5 |     333 |     135 |  28.8 |       8 |       1 |  11.1
        D:6 |     688 |     634 |  48.0 |      13 |       4 |  23.5
        D:7 |    1194 |     118 |   9.0 |      23 |       3 |  11.5
        D:8 |    1074 |       0 |   0.0 |      21 |       0 |   0.0
        D:9 |    1643 |    1837 |  52.8 |      24 |      25 |  51.0
       D:10 |    1023 |      55 |   5.1 |       5 |       1 |  16.7
            +---------+---------+-------+---------+---------+-------
